 Dungeon Crawl Stone Soup version 0.13-a0-2133-ge955d09 (webtiles) character file.

626 Grabo the Insei (level 6, -8/47 HPs)
             Began as a Draconian Transmuter on June 28, 2013.
             Was an Initiate of Okawaru.
             Mangled by an ice beast (13 damage)
             ... on Level 5 of the Dungeon.
             The game lasted 00:09:14 (3562 turns).

Grabo the Insei (Draconian Transmuter)              Turns: 3562, Time: 00:09:14

HP  -8/47        AC  2     Str 12      XL: 6   Next: 52%
MP   6/9         EV 19     Int 14      God: Okawaru [......]
Gold 231         SH  0     Dex 18      Spells:  2 memorised,  5 levels left

Res.Fire  : . . .   See Invis. : .     - Unarmed
Res.Cold  : . . .   Warding    : .   (armour unavailable)
Life Prot.: + . .   Conserve   : .   (shield currently unavailable)
Res.Poison: x       Res.Corr.  : .   (helmet currently unavailable)
Res.Elec. : .       Clarity    : .   (cloak currently unavailable)
Sust.Abil.: . .     Spirit.Shd : .   (gloves currently unavailable)
Res.Mut.  : .       Stasis     : .   (boots currently unavailable)
Res.Rott. : .       Flight     : .   (no amulet)
Saprovore : . . .                    (no ring)
                                     f - ring of life protection

@: spider-form, slowed, slow, slightly resistant to hostile enchantments,
unstealthy
A: unfitting armour, AC +6
a: End Transformation, Renounce Religion


You were on level 5 of the Dungeon.
You worshipped Okawaru.
Okawaru was pleased with you.
You were very hungry.
You were in spider-form.
You visited 2 branches of the dungeon, and saw 6 of its levels.

You collected 211 gold pieces.

Inventory:

Missiles
 m - 4 javelins (quivered)
Magical devices
 k - a wand of fire (12)
Comestibles
 a - 5 bread rations
 c - 6 sultanas
 i - 3 meat rations
Scrolls
 b - 3 scrolls of remove curse
 h - a scroll of fog {unknown}
 u - a scroll of blinking
Jewellery
 f - a ring of life protection (left front leg)
Potions
 e - a potion of speed
 l - a potion of heal wounds
 n - a potion of agility
 o - a potion of resistance
 x - 4 potions of curing {unknown}
Books
 d - a book of Changes

   Spells                             Type                      Level
   *Beastly Appendage                 Transmutation                1
   Sticks to Snakes                   Transmutation                2
   *Spider Form                       Transmutation/Poison         3
   Ice Form                           Ice/Transmutation            4
   Blade Hands                        Transmutation                5


   Skills:
 - Level 1.1 Fighting
 - Level 1.7 Dodging
 + Level 5.6 Unarmed Combat
 - Level 2.0 Spellcasting
 + Level 5.1 Transmutations


You had 5 spell levels left.
You knew the following spells:

 Your Spells              Type           Power        Failure   Level  Hunger
a - Beastly Appendage     Trmt           ###...       10%         1    ##.....
b - Spider Form           Trmt/Pois      #.........   45%         3    ####...


Dungeon Overview and Level Annotations

Branches:
Dungeon (5/27)             Temple (1/1) D:4

Altars:
Ashenzari
Cheibriados
Elyvilon
Fedhas
Kikubaaqudgha
Makhleb
Okawaru
Trog
Vehumet
Yredelemnul
Zin
the Shining One


Message History

* * * LOW HITPOINT WARNING * * *
The ice beast hits you but does no damage.
The ice beast hits you.
* * * LOW HITPOINT WARNING * * *
The ice beast freezes you!
You feel as though you will be slow longer.
Your yellow potion freezes and shatters!
* * * LOW HITPOINT WARNING * * *
Casting: Beastly Appendage
Confirm with . or Enter, or press ? or * to list all spells.
Your talons disappear.
You turn into a venomous arachnid creature.
You are feeling very hungry.
The ice beast hits you but does no damage.
The ice beast misses you. The ice beast hits you.
* * * LOW HITPOINT WARNING * * *
The ice beast freezes you!
You feel as though you will be slow longer.
You die...

#######################
......................#
#...................#
#............Is.....#
#.########'#####....#
#.#.....(......#....#
#.#(...........#....#
#.#(...........#....#
###.#............#....#
....##########+###....#
..............<.......#
......................#


You could see an ice beast.

Vanquished Creatures
  An ogre (D:4)
  Sigmund (D:3)
  A centaur zombie (D:3)
  A scorpion (D:4)
  2 worker ants
  A giant mite (D:2)
  3 worms
  A giant gecko (D:2)
  An ooze (D:3)
  5 orcs
  3 bats
  6 giant cockroaches
  12 goblins
  11 hobgoblins
  3 jackals (D:1)
  3 quokkas
  A ball python (D:2)
  A giant gecko skeleton (D:4)
  2 giant newts (D:4)
  11 kobolds
  7 rats
77 creatures vanquished.

Notes
Turn   | Place    | Note
--------------------------------------------------------------
     0 | D:1      | Grabo, the Draconian Transmuter, began the quest for the Orb.
     0 | D:1      | Reached XP level 1. HP: 16/16 MP: 1/1
   247 | D:1      | Reached XP level 2. HP: 10/23 MP: 0/3
  1139 | D:2      | Found an ancient bone altar of Kikubaaqudgha.
  1142 | D:2      | Found a burning altar of Makhleb.
  1188 | D:2      | Reached XP level 3. HP: 25/28 MP: 4/4
  1350 | D:2      | Found a burning altar of Makhleb.
  1732 | D:3      | Noticed Sigmund
  1734 | D:3      | Noticed a centaur zombie
  1888 | D:3      | Learned a level 3 spell: Spider Form
  1934 | D:3      | Reached skill level 4 in Unarmed Combat
  2075 | D:3      | Reached XP level 4. HP: 22/35 MP: 4/6
  2150 | D:3      | Killed a centaur zombie
  2150 | D:3      | Reached XP level 5. HP: 16/40 MP: 5/7
  2564 | D:3      | Killed Sigmund
  2564 | D:3      | Reached skill level 5 in Unarmed Combat
  2962 | D:4      | Reached XP level 6. HP: 43/47 MP: 7/9
  2985 | D:4      | Found a staircase to the Ecumenical Temple.
  3000 | Temple   | Entered the Ecumenical Temple
  3037 | Temple   | Became a worshipper of Warmaster Okawaru
  3302 | D:4      | Noticed an ogre
  3317 | D:4      | Killed an ogre
  3317 | D:4      | Reached skill level 5 in Transmutations
  3456 | D:5      | Entered Level 5 of the Dungeon
  3458 | D:5      | Found a snail-covered altar of Cheibriados.
  3562 | D:5      | Mangled by an ice beast

Action                   |  1- 3 |  4- 6 || total
-------------------------+-------+-------++-------
Melee: Unarmed           |   162 |   117 ||   279
Throw: Javelin           |       |    23 ||    23
 Cast: Beastly Appendage |     4 |     4 ||     8
       Spider Form       |       |     3 ||     3
Evoke: Wand              |     1 |       ||     1
  Use: Scroll            |     5 |    10 ||    15
